3165 views
Uploaded 2020-02-02 15:41:55
Game version 1.32 / 1.32.1
31:47 long 4on4 ladder game on (8)MarketSquare
Saved by BEARAND
3165 views
Uploaded 2020-02-02 15:41:55
Game version 1.32 / 1.32.1
31:47 long 4on4 ladder game on (8)MarketSquare


83 units @ 7k
/ 0.4k
233 buildings @ 16.1k
/ 8.6k



| Scroll of Regeneration | 3 | 300 |
| Staff of Sanctuary | 3 | 750 |
| Lesser Clarity Potion | 3 | 210 |
| Boots of Speed | 3 | 750 |
| Staff of Teleportation | 3 | 450 |
| Circlet of Nobility | 1 | 175 |
| Periapt of Vitality | 1 | 325 |
| Orb of Lightning | 1 | 375 |
| total: | 18 | 3335g |
| Peasant | 28 | 2100 | / | 0 |
| Priest | 1 | 135 | / | 10 |
| total: | 29 | 2235g | / | 10w |
| Scout Tower | 60 | 1800 | / | 1200 |
| Arcane Tower | 6 | 420 | / | 300 |
| Guard Tower | 26 | 1820 | / | 1300 |
| Altar of Kings | 1 | 180 | / | 50 |
| Lumber Mill | 1 | 120 | / | 0 |
| Farm | 4 | 320 | / | 80 |
| Arcane Vault | 2 | 260 | / | 60 |
| Town Hall | 1 | 385 | / | 205 |
| Arcane Sanctum | 1 | 150 | / | 140 |
| Keep | 1 | 320 | / | 210 |
| Castle | 1 | 360 | / | 210 |
| total: | 70 | 3215g | / | 1735w |
| 0:01 | Peasant |
| 0:05 | Altar of Kings |
| 0:14 | Peasant |
| 0:20 | Lumber Mill |
| 0:25 | Farm |
| 0:26 | Peasant |
| 0:32 | Peasant |
| 0:44 | Peasant |
| 0:56 | Farm |
| 1:05 | Scout Tower |
| 1:09 | Peasant |
| 1:22 | Peasant |
| 1:24 | Improved Masonry |
| 1:35 | Peasant |
| 1:47 | Arcane Tower |
| 1:54 | Scout Tower |
| 1:55 | Peasant |
| 2:00 | Peasant |
| 2:06 | Peasant |
| 2:08 | Scout Tower |
| 2:16 | Storm Bolt |
| 2:20 | Guard Tower |
| 2:22 | Scout Tower |
| 2:44 | Peasant |
| 2:44 | Peasant |
| 2:47 | Scout Tower |
| 2:48 | Guard Tower |
| 2:54 | Arcane Vault |
| 3:10 | Peasant |
| 3:13 | Guard Tower |
| 3:38 | Bash |
| 3:41 | Guard Tower |
| 3:42 | Scout Tower |
| 4:19 | Boots of Speed |
| 4:20 | Staff of Teleportation |
| 4:27 | Keep |
| 5:36 | Farm |
| 5:39 | Storm Bolt |
| 5:49 | Town Hall |
| 5:52 | Scout Tower |
| 5:53 | Scout Tower |
| 5:53 | Scout Tower |
| 6:23 | Arcane Tower |
| 6:54 | Castle |
| 6:56 | Improved Lumber Harvesting |
| 7:15 | Cluster Rockets |
| 7:24 | Scout Tower |
| 7:50 | Guard Tower |
| 7:53 | Guard Tower |
| 7:54 | Scout Tower |
| 7:55 | Peasant |
| 7:55 | Peasant |
| 7:56 | Peasant |
| 8:17 | Advanced Masonry |
| 10:03 | Guard Tower |
| 10:11 | Peasant |
| 10:11 | Peasant |
| 10:34 | Peasant |
| 10:34 | Peasant |
| 10:39 | Boots of Speed |
| 10:39 | Staff of Teleportation |
| 10:51 | Peasant |
| 10:52 | Peasant |
| 10:53 | Scout Tower |
| 11:12 | Peasant |
| 11:14 | Scout Tower |
| 11:14 | Scout Tower |
| 11:15 | Scout Tower |
| 11:15 | Scout Tower |
| 11:19 | Imbued Masonry |
| 11:19 | Advanced Lumber Harvesting |
| 11:21 | Arcane Sanctum |
| 11:23 | Scout Tower |
| 11:23 | Scout Tower |
| 11:24 | Scout Tower |
| 11:25 | Scout Tower |
| 11:26 | Scout Tower |
| 11:26 | Scout Tower |
| 11:27 | Guard Tower |
| 12:13 | Bash |
| 12:19 | Guard Tower |
| 12:27 | Siphon Mana |
| 12:32 | Boots of Speed |
| 12:40 | Scout Tower |
| 12:41 | Scout Tower |
| 12:42 | Scout Tower |
| 12:43 | Scout Tower |
| 12:43 | Scout Tower |
| 12:46 | Peasant |
| 12:46 | Peasant |
| 12:46 | Peasant |
| 12:48 | Staff of Teleportation |
| 13:00 | Engineering Upgrade |
| 13:10 | Peasant |
| 13:11 | Guard Tower |
| 13:23 | Arcane Tower |
| 13:26 | Magic Sentry |
| 13:26 | Priest Adept Training |
| 13:27 | Priest |
| 13:29 | Guard Tower |
| 13:43 | Guard Tower |
| 13:44 | Scout Tower |
| 13:44 | Scout Tower |
| 13:45 | Scout Tower |
| 14:20 | Guard Tower |
| 14:22 | Scout Tower |
| 14:22 | Scout Tower |
| 14:23 | Scout Tower |
| 14:33 | Arcane Vault |
| 14:46 | Arcane Tower |
| 15:03 | Guard Tower |
| 15:04 | Scout Tower |
| 15:06 | Scout Tower |
| 15:06 | Scout Tower |
| 16:28 | Scout Tower |
| 16:28 | Scout Tower |
| 16:29 | Arcane Tower |
| 16:30 | Guard Tower |
| 16:30 | Guard Tower |
| 16:31 | Scout Tower |
| 16:32 | Scout Tower |
| 16:33 | Scout Tower |
| 17:05 | Cluster Rockets |
| 17:33 | Farm |
| 17:39 | Guard Tower |
| 17:41 | Banish |
| 18:08 | Guard Tower |
| 18:09 | Scout Tower |
| 18:09 | Scout Tower |
| 18:10 | Guard Tower |
| 18:17 | Priest Master Training |
| 18:20 | Scout Tower |
| 18:20 | Scout Tower |
| 19:02 | Scroll of Regeneration |
| 19:03 | Staff of Sanctuary |
| 19:10 | Lesser Clarity Potion |
| 19:14 | Guard Tower |
| 19:27 | Scroll of Regeneration |
| 20:07 | Siphon Mana |
| 20:40 | Storm Bolt |
| 21:02 | Scroll of Regeneration |
| 21:08 | Staff of Sanctuary |
| 21:10 | Lesser Clarity Potion |
| 21:13 | Lesser Clarity Potion |
| 21:32 | Guard Tower |
| 21:34 | Scout Tower |
| 21:34 | Scout Tower |
| 21:56 | Scout Tower |
| 21:57 | Scout Tower |
| 21:58 | Scout Tower |
| 21:58 | Scout Tower |
| 21:59 | Scout Tower |
| 22:01 | Scout Tower |
| 22:03 | Scout Tower |
| 22:04 | Scout Tower |
| 22:05 | Scout Tower |
| 22:06 | Scout Tower |
| 22:25 | Arcane Tower |
| 22:27 | Guard Tower |
| 22:28 | Scout Tower |
| 22:30 | Scout Tower |
| 22:30 | Scout Tower |
| 22:31 | Guard Tower |
| 22:32 | Guard Tower |
| 22:56 | Orb of Lightning |
| 23:00 | Staff of Sanctuary |
| 23:35 | Guard Tower |
| 25:25 | Engineering Upgrade |
| 25:38 | Guard Tower |
| 25:46 | Circlet of Nobility |
| 25:50 | Periapt of Vitality |
| 27:43 | Banish |
| Right click | 2026 |
| Select group | 1241 |
| Select | 473 |
| Assign group | 291 |
| Use ability | 172 |
| Build/train/purchase | 142 |
| Misc. action | 46 |
| Item give/drop | 4 |
| Minimap ping | 2 |


| Healing Salve | 2 | 200 |
| Orb of Lightning | 1 | 375 |
| Boots of Speed | 2 | 500 |
| Staff of Teleportation | 2 | 300 |
| total: | 7 | 1375g |
| Peon | 13 | 975 | / | 0 |
| Troll Batrider | 8 | 1280 | / | 320 |
| total: | 21 | 2255g | / | 320w |
| Watch Tower | 17 | 1870 | / | 1360 |
| Altar of Storms | 2 | 360 | / | 100 |
| Orc Burrow | 3 | 480 | / | 120 |
| War Mill | 1 | 205 | / | 0 |
| Voodoo Lounge | 5 | 650 | / | 150 |
| Great Hall | 1 | 385 | / | 185 |
| Beastiary | 10 | 1450 | / | 1400 |
| Stronghold | 1 | 315 | / | 190 |
| Fortress | 1 | 325 | / | 190 |
| total: | 39 | 5400g | / | 3315w |
| 0:02 | Peon |
| 0:02 | Peon |
| 0:06 | Altar of Storms |
| 0:18 | Orc Burrow |
| 0:28 | Peon |
| 0:39 | Peon |
| 0:48 | War Mill |
| 0:52 | Peon |
| 1:05 | Voodoo Lounge |
| 1:15 | Peon |
| 1:29 | Peon |
| 1:37 | Orc Burrow |
| 1:45 | Peon |
| 2:08 | Watch Tower |
| 2:10 | Peon |
| 2:17 | Wind Walk |
| 2:18 | Healing Salve |
| 2:30 | Watch Tower |
| 2:40 | Peon |
| 2:46 | Watch Tower |
| 3:00 | Peon |
| 3:01 | Peon |
| 3:17 | Watch Tower |
| 3:33 | Peon |
| 3:36 | Watch Tower |
| 4:02 | Critical Strike |
| 4:06 | Stronghold |
| 4:20 | Voodoo Lounge |
| 4:23 | Voodoo Lounge |
| 4:23 | Voodoo Lounge |
| 4:53 | Watch Tower |
| 5:28 | Orc Burrow |
| 5:32 | Healing Salve |
| 5:49 | Boots of Speed |
| 6:02 | Staff of Teleportation |
| 7:16 | Voodoo Lounge |
| 7:21 | Beastiary |
| 7:23 | Beastiary |
| 7:53 | Hex |
| 7:54 | Fortress |
| 7:57 | Reinforced Defenses |
| 7:59 | Watch Tower |
| 9:42 | Wind Walk |
| 10:06 | Beastiary |
| 10:10 | Beastiary |
| 11:06 | Critical Strike |
| 11:12 | Troll Batrider |
| 11:14 | Steel Ranged Weapons |
| 11:14 | Steel Armor |
| 11:14 | Spiked Barricades |
| 12:01 | Healing Wave |
| 12:13 | Liquid Fire |
| 13:27 | Troll Batrider |
| 14:01 | Thorium Ranged Weapons |
| 14:01 | Thorium Armor |
| 14:36 | Boots of Speed |
| 14:59 | Beastiary |
| 15:05 | Beastiary |
| 16:06 | Watch Tower |
| 16:10 | Watch Tower |
| 16:22 | Watch Tower |
| 16:25 | Watch Tower |
| 16:28 | Watch Tower |
| 17:08 | Staff of Teleportation |
| 17:42 | Watch Tower |
| 17:43 | Watch Tower |
| 17:45 | Watch Tower |
| 18:38 | Healing Wave |
| 18:45 | Wind Walk |
| 19:54 | Watch Tower |
| 20:13 | Great Hall |
| 20:23 | Arcanite Ranged Weapons |
| 20:23 | Arcanite Armor |
| 23:44 | Troll Batrider |
| 25:39 | Troll Batrider |
| 26:23 | Hex |
| 26:56 | Troll Batrider |
| 27:35 | Altar of Storms |
| 27:53 | Troll Batrider |
| 27:58 | Improved Spiked Barricades |
| 28:43 | Beastiary |
| 28:45 | Beastiary |
| 28:46 | Beastiary |
| 28:48 | Beastiary |
| 29:43 | Critical Strike |
| 29:47 | Orb of Lightning |
| 29:58 | Troll Batrider |
| 30:45 | Watch Tower |
| 30:48 | Troll Batrider |
| Right click | 1975 |
| Select | 515 |
| Select group | 407 |
| Misc. action | 155 |
| Use ability | 118 |
| Build/train/purchase | 91 |
| Assign group | 16 |
| Minimap ping | 7 |
| Remove unit | 2 |
| Esc | 2 |
| Item give/drop | 1 |



| Staff of Sanctuary | 3 | 750 |
| Scroll of Regeneration | 1 | 100 |
| Potion of Mana | 5 | 1000 |
| Potion of Healing | 1 | 150 |
| Staff of Teleportation | 4 | 600 |
| Boots of Speed | 3 | 750 |
| Periapt of Vitality | 1 | 325 |
| Healing Salve | 1 | 100 |
| Orb of Lightning | 1 | 375 |
| total: | 20 | 4150g |
| Peasant | 15 | 1125 | / | 0 |
| Priest | 1 | 135 | / | 10 |
| Sorceress | 2 | 310 | / | 40 |
| total: | 18 | 1570g | / | 50w |
| Scout Tower | 94 | 2820 | / | 1880 |
| Arcane Tower | 15 | 1050 | / | 750 |
| Guard Tower | 42 | 2940 | / | 2100 |
| Altar of Kings | 1 | 180 | / | 50 |
| Farm | 4 | 320 | / | 80 |
| Lumber Mill | 1 | 120 | / | 0 |
| Arcane Vault | 3 | 390 | / | 90 |
| Town Hall | 1 | 385 | / | 205 |
| Arcane Sanctum | 1 | 150 | / | 140 |
| Keep | 1 | 320 | / | 210 |
| Castle | 2 | 720 | / | 420 |
| total: | 105 | 4365g | / | 2445w |
| 0:02 | Peasant |
| 0:02 | Peasant |
| 0:09 | Altar of Kings |
| 0:19 | Farm |
| 0:26 | Peasant |
| 0:38 | Farm |
| 0:46 | Peasant |
| 0:46 | Peasant |
| 0:50 | Peasant |
| 1:05 | Lumber Mill |
| 1:21 | Scout Tower |
| 1:25 | Peasant |
| 1:25 | Peasant |
| 1:30 | Scout Tower |
| 1:33 | Scout Tower |
| 1:35 | Scout Tower |
| 1:38 | Scout Tower |
| 1:45 | Scout Tower |
| 1:46 | Peasant |
| 1:52 | Arcane Tower |
| 1:54 | Scout Tower |
| 2:00 | Scout Tower |
| 2:04 | Arcane Tower |
| 2:05 | Scout Tower |
| 2:08 | Blizzard |
| 2:16 | Peasant |
| 2:16 | Peasant |
| 2:43 | Guard Tower |
| 2:51 | Guard Tower |
| 2:52 | Scout Tower |
| 2:52 | Scout Tower |
| 3:07 | Scout Tower |
| 3:08 | Scout Tower |
| 3:08 | Peasant |
| 3:09 | Peasant |
| 3:09 | Peasant |
| 3:10 | Scout Tower |
| 3:30 | Improved Masonry |
| 3:32 | Guard Tower |
| 3:48 | Guard Tower |
| 3:50 | Scout Tower |
| 3:53 | Scout Tower |
| 3:54 | Scout Tower |
| 3:55 | Scout Tower |
| 4:01 | Staff of Teleportation |
| 4:01 | Boots of Speed |
| 4:12 | Keep |
| 4:17 | Farm |
| 4:18 | Farm |
| 4:23 | Arcane Vault |
| 4:24 | Arcane Vault |
| 4:27 | Healing Salve |
| 4:53 | Guard Tower |
| 4:54 | Guard Tower |
| 5:25 | Brilliance Aura |
| 5:42 | Town Hall |
| 5:48 | Scout Tower |
| 5:48 | Scout Tower |
| 5:49 | Scout Tower |
| 5:49 | Scout Tower |
| 5:50 | Scout Tower |
| 5:54 | Scout Tower |
| 5:55 | Scout Tower |
| 5:56 | Scout Tower |
| 5:56 | Scout Tower |
| 5:57 | Scout Tower |
| 5:58 | Guard Tower |
| 5:59 | Scout Tower |
| 6:00 | Guard Tower |
| 6:01 | Scout Tower |
| 6:02 | Scout Tower |
| 6:03 | Scout Tower |
| 6:45 | Guard Tower |
| 6:50 | Scout Tower |
| 6:51 | Scout Tower |
| 7:07 | Arcane Sanctum |
| 7:32 | Guard Tower |
| 7:33 | Storm Bolt |
| 7:40 | Blizzard |
| 7:47 | Guard Tower |
| 7:48 | Arcane Tower |
| 8:00 | Boots of Speed |
| 8:02 | Staff of Teleportation |
| 8:03 | Staff of Teleportation |
| 8:10 | Guard Tower |
| 8:11 | Peasant |
| 8:17 | Scout Tower |
| 8:17 | Castle |
| 8:21 | Improved Lumber Harvesting |
| 8:21 | Advanced Lumber Harvesting |
| 9:30 | Guard Tower |
| 9:32 | Guard Tower |
| 9:33 | Guard Tower |
| 9:35 | Scout Tower |
| 9:35 | Scout Tower |
| 9:36 | Scout Tower |
| 9:36 | Scout Tower |
| 9:37 | Scout Tower |
| 9:38 | Scout Tower |
| 9:38 | Scout Tower |
| 9:39 | Scout Tower |
| 9:39 | Scout Tower |
| 10:53 | Guard Tower |
| 10:55 | Priest |
| 10:56 | Magic Sentry |
| 10:56 | Priest Adept Training |
| 10:57 | Sorceress |
| 10:57 | Sorceress |
| 10:57 | Sorceress Adept Training |
| 11:00 | Guard Tower |
| 11:02 | Scout Tower |
| 11:18 | Bash |
| 11:21 | Guard Tower |
| 11:22 | Advanced Masonry |
| 11:51 | Holy Light |
| 11:59 | Staff of Sanctuary |
| 12:09 | Orb of Lightning |
| 12:10 | Staff of Sanctuary |
| 12:58 | Boots of Speed |
| 12:58 | Staff of Teleportation |
| 12:59 | Periapt of Vitality |
| 13:14 | Scout Tower |
| 13:15 | Scout Tower |
| 13:58 | Guard Tower |
| 13:59 | Scout Tower |
| 14:02 | Scout Tower |
| 14:03 | Scout Tower |
| 14:05 | Scout Tower |
| 14:05 | Scout Tower |
| 14:06 | Scout Tower |
| 14:06 | Scout Tower |
| 14:08 | Arcane Tower |
| 14:15 | Scout Tower |
| 14:15 | Scout Tower |
| 14:28 | Guard Tower |
| 14:33 | Scout Tower |
| 14:33 | Scout Tower |
| 14:34 | Scout Tower |
| 14:34 | Scout Tower |
| 14:35 | Imbued Masonry |
| 15:00 | Arcane Tower |
| 15:06 | Arcane Tower |
| 15:11 | Guard Tower |
| 16:12 | Guard Tower |
| 16:54 | Arcane Vault |
| 17:54 | Brilliance Aura |
| 18:08 | Scroll of Regeneration |
| 18:13 | Potion of Mana |
| 18:16 | Potion of Mana |
| 18:20 | Guard Tower |
| 18:23 | Scout Tower |
| 18:24 | Scout Tower |
| 18:29 | Guard Tower |
| 18:30 | Arcane Tower |
| 18:32 | Scout Tower |
| 18:32 | Scout Tower |
| 18:58 | Staff of Sanctuary |
| 19:35 | Divine Shield |
| 19:36 | Storm Bolt |
| 20:07 | Potion of Mana |
| 20:09 | Potion of Mana |
| 21:09 | Guard Tower |
| 21:35 | Guard Tower |
| 21:36 | Guard Tower |
| 21:40 | Scout Tower |
| 21:40 | Scout Tower |
| 21:41 | Scout Tower |
| 21:41 | Scout Tower |
| 21:41 | Scout Tower |
| 21:42 | Scout Tower |
| 21:42 | Scout Tower |
| 21:43 | Scout Tower |
| 21:44 | Scout Tower |
| 21:45 | Scout Tower |
| 21:47 | Scout Tower |
| 21:48 | Scout Tower |
| 21:48 | Scout Tower |
| 21:48 | Scout Tower |
| 21:49 | Scout Tower |
| 21:49 | Scout Tower |
| 21:53 | Scout Tower |
| 21:54 | Scout Tower |
| 21:55 | Scout Tower |
| 21:56 | Scout Tower |
| 21:56 | Scout Tower |
| 21:57 | Scout Tower |
| 22:21 | Guard Tower |
| 22:32 | Guard Tower |
| 23:16 | Holy Light |
| 23:39 | Guard Tower |
| 23:39 | Guard Tower |
| 24:43 | Guard Tower |
| 24:45 | Scout Tower |
| 24:46 | Scout Tower |
| 24:47 | Scout Tower |
| 24:48 | Scout Tower |
| 24:48 | Scout Tower |
| 24:49 | Scout Tower |
| 26:14 | Guard Tower |
| 26:16 | Scout Tower |
| 26:17 | Scout Tower |
| 26:18 | Guard Tower |
| 26:46 | Bash |
| 26:51 | Brilliance Aura |
| 28:55 | Arcane Tower |
| 28:55 | Arcane Tower |
| 28:56 | Arcane Tower |
| 28:57 | Guard Tower |
| 29:47 | Potion of Healing |
| 29:48 | Potion of Mana |
| 30:23 | Divine Shield |
| Right click | 3564 |
| Select | 951 |
| Select group | 434 |
| Chat | 233 |
| Build/train/purchase | 164 |
| Use ability | 158 |
| Misc. action | 30 |
| Minimap ping | 23 |
| Assign group | 14 |
| Item give/drop | 7 |
| Remove unit | 1 |



| Staff of Teleportation | 3 | 450 |
| Boots of Speed | 3 | 750 |
| Staff of Sanctuary | 3 | 750 |
| total: | 9 | 1950g |
| Wisp | 15 | 900 | / | 0 |
| total: | 15 | 900g | / | 0w |
| Altar of Elders | 1 | 180 | / | 50 |
| Moon Well | 8 | 1440 | / | 320 |
| Hunter's Hall | 1 | 210 | / | 100 |
| Ancient of Wonders | 1 | 90 | / | 30 |
| Ancient of War | 7 | 1050 | / | 420 |
| Ancient of Wind | 1 | 150 | / | 140 |
| Tree of Ages | 1 | 320 | / | 180 |
| Tree of Eternity | 1 | 330 | / | 200 |
| total: | 19 | 3120g | / | 1060w |
| 0:00 | Wisp |
| 0:04 | Altar of Elders |
| 0:15 | Wisp |
| 0:15 | Moon Well |
| 0:22 | Wisp |
| 0:30 | Wisp |
| 0:47 | Moon Well |
| 0:51 | Wisp |
| 0:59 | Wisp |
| 1:15 | Wisp |
| 1:26 | Wisp |
| 1:34 | Wisp |
| 1:51 | Wisp |
| 2:21 | Entangling Roots |
| 2:26 | Tree of Ages |
| 4:03 | Hunter's Hall |
| 4:33 | Staff of Teleportation |
| 4:34 | Boots of Speed |
| 5:30 | Thorns Aura |
| 5:50 | Frost Arrows |
| 7:05 | Tree of Eternity |
| 7:48 | Moon Well |
| 7:49 | Moon Well |
| 10:30 | Forked Lightning |
| 11:17 | Wisp |
| 11:18 | Wisp |
| 11:19 | Well Spring |
| 11:32 | Moon Well |
| 11:33 | Moon Well |
| 11:34 | Moon Well |
| 11:46 | Staff of Teleportation |
| 11:47 | Boots of Speed |
| 14:12 | Ancient of Wonders |
| 14:25 | Nature's Blessing |
| 16:08 | Staff of Sanctuary |
| 16:11 | Staff of Sanctuary |
| 17:05 | Healing Spray |
| 17:19 | Entangling Roots |
| 18:20 | Staff of Sanctuary |
| 19:35 | Frost Arrows |
| 20:58 | Staff of Teleportation |
| 20:59 | Boots of Speed |
| 23:12 | Ancient of Wind |
| 23:35 | Ultravision |
| 24:35 | Acid Bomb |
| 24:52 | Wisp |
| 24:52 | Wisp |
| 24:52 | Wisp |
| 25:07 | Ancient of War |
| 25:08 | Ancient of War |
| 25:08 | Ancient of War |
| 25:09 | Ancient of War |
| 25:09 | Ancient of War |
| 25:10 | Ancient of War |
| 25:10 | Ancient of War |
| 26:56 | Thorns Aura |
| 28:08 | Druid of the Talon Adept Training |
| 29:09 | Moon Well |
| 29:37 | Forked Lightning |
| 31:23 | Acid Bomb |
| 31:37 | Entangling Roots |
| Right click | 1893 |
| Select | 921 |
| Select group | 621 |
| Assign group | 146 |
| Use ability | 108 |
| Build/train/purchase | 51 |
| Resource trade | 44 |
| Minimap ping | 15 |
| Misc. action | 5 |
| Item give/drop | 5 |
249 units @ 40.9k
/ 6k
93 buildings @ 12.7k
/ 5.5k

| Scroll of Regeneration | 10 | 1000 |
| Lesser Clarity Potion | 3 | 210 |
| Potion of Mana | 2 | 400 |
| Potion of Healing | 2 | 300 |
| Scroll of Town Portal | 8 | 2800 |
| Potion of Lesser Invulnerability | 1 | 150 |
| Boots of Speed | 1 | 250 |
| total: | 27 | 5110g |
| Peasant | 17 | 1275 | / | 0 |
| Footman | 6 | 810 | / | 0 |
| Rifleman | 12 | 2460 | / | 360 |
| Mortar Team | 14 | 2520 | / | 980 |
| Frost Wyrm | 1 | 385 | / | 120 |
| total: | 50 | 7450g | / | 1460w |
| Scout Tower | 9 | 270 | / | 180 |
| Arcane Tower | 2 | 140 | / | 100 |
| Guard Tower | 5 | 350 | / | 250 |
| Altar of Kings | 1 | 180 | / | 50 |
| Farm | 12 | 960 | / | 240 |
| Barracks | 2 | 320 | / | 120 |
| Arcane Vault | 1 | 130 | / | 30 |
| Blacksmith | 1 | 140 | / | 60 |
| Lumber Mill | 1 | 120 | / | 0 |
| Town Hall | 1 | 385 | / | 205 |
| Workshop | 4 | 560 | / | 560 |
| Keep | 1 | 320 | / | 210 |
| Castle | 1 | 360 | / | 210 |
| total: | 32 | 3065g | / | 1445w |
| 0:03 | Peasant |
| 0:03 | Peasant |
| 0:03 | Peasant |
| 0:22 | Altar of Kings |
| 0:27 | Farm |
| 0:28 | Farm |
| 0:35 | Barracks |
| 0:48 | Peasant |
| 0:49 | Peasant |
| 1:07 | Peasant |
| 1:08 | Peasant |
| 1:16 | Peasant |
| 1:40 | Footman |
| 1:43 | Farm |
| 1:44 | Farm |
| 1:49 | Scout Tower |
| 2:02 | Footman |
| 2:06 | Footman |
| 2:19 | Arcane Vault |
| 2:25 | Arcane Tower |
| 2:28 | Flame Strike |
| 2:37 | Footman |
| 3:00 | Footman |
| 3:06 | Peasant |
| 3:06 | Peasant |
| 3:18 | Farm |
| 3:33 | Blacksmith |
| 3:47 | Siphon Mana |
| 3:53 | Lumber Mill |
| 4:01 | Footman |
| 4:03 | Peasant |
| 4:03 | Peasant |
| 4:17 | Scroll of Regeneration |
| 4:17 | Scroll of Regeneration |
| 4:37 | Peasant |
| 4:37 | Peasant |
| 5:16 | Town Hall |
| 5:17 | Scout Tower |
| 5:18 | Scout Tower |
| 5:19 | Scout Tower |
| 5:20 | Scout Tower |
| 5:43 | Flame Strike |
| 6:02 | Peasant |
| 6:23 | Arcane Tower |
| 6:26 | Guard Tower |
| 6:53 | Scout Tower |
| 6:54 | Scout Tower |
| 6:55 | Scout Tower |
| 6:56 | Scout Tower |
| 6:58 | Peasant |
| 6:58 | Peasant |
| 7:04 | Barracks |
| 7:20 | Guard Tower |
| 7:50 | Keep |
| 7:52 | Rifleman |
| 7:55 | Farm |
| 7:56 | Farm |
| 7:58 | Improved Masonry |
| 8:00 | Guard Tower |
| 8:13 | Black Gunpowder |
| 8:48 | Guard Tower |
| 8:49 | Guard Tower |
| 9:16 | Rifleman |
| 9:19 | Scroll of Town Portal |
| 9:19 | Potion of Lesser Invulnerability |
| 9:20 | Boots of Speed |
| 9:29 | Studded Leather Armor |
| 9:53 | Rifleman |
| 10:10 | Rifleman |
| 10:30 | Rifleman |
| 10:31 | Long Rifles |
| 10:52 | Siphon Mana |
| 10:57 | Improved Lumber Harvesting |
| 10:57 | Advanced Masonry |
| 11:00 | Workshop |
| 11:01 | Workshop |
| 11:07 | Workshop |
| 11:16 | Scroll of Town Portal |
| 11:16 | Scroll of Regeneration |
| 11:19 | Lesser Clarity Potion |
| 11:21 | Potion of Mana |
| 11:26 | Scroll of Regeneration |
| 11:55 | Farm |
| 11:55 | Farm |
| 12:46 | Flare |
| 12:46 | Flak Cannons |
| 13:42 | Castle |
| 13:45 | Scroll of Town Portal |
| 13:46 | Scroll of Regeneration |
| 13:46 | Lesser Clarity Potion |
| 13:54 | Rifleman |
| 13:56 | Refined Gunpowder |
| 14:00 | Potion of Healing |
| 14:06 | Mortar Team |
| 14:19 | Mortar Team |
| 14:21 | Reinforced Leather Armor |
| 14:53 | Mortar Team |
| 15:19 | Workshop |
| 15:21 | Farm |
| 16:14 | Fragmentation Shards |
| 16:19 | Advanced Lumber Harvesting |
| 17:14 | Mortar Team |
| 17:35 | Mortar Team |
| 17:43 | Rifleman |
| 17:48 | Mortar Team |
| 20:29 | Mortar Team |
| 20:44 | Rifleman |
| 20:46 | Mortar Team |
| 21:00 | Mortar Team |
| 21:39 | Mortar Team |
| 21:51 | Scroll of Regeneration |
| 21:55 | Scroll of Town Portal |
| 21:56 | Scroll of Regeneration |
| 21:56 | Lesser Clarity Potion |
| 22:22 | Imbued Gunpowder |
| 22:25 | Farm |
| 22:25 | Farm |
| 24:11 | Mortar Team |
| 24:32 | Rifleman |
| 24:33 | Rifleman |
| 24:41 | Frost Wyrm |
| 24:46 | Rifleman |
| 25:09 | Scroll of Town Portal |
| 25:09 | Scroll of Town Portal |
| 25:23 | Flame Strike |
| 26:00 | Rifleman |
| 26:09 | Scroll of Regeneration |
| 26:26 | Imbued Masonry |
| 26:31 | Dragonhide Armor |
| 26:44 | Barrage |
| 27:02 | Unholy Aura |
| 27:31 | Potion of Healing |
| 27:31 | Potion of Mana |
| 27:34 | Scroll of Town Portal |
| 27:36 | Scroll of Regeneration |
| 29:16 | Mortar Team |
| 29:50 | Mortar Team |
| 30:04 | Mortar Team |
| 30:45 | Scroll of Regeneration |
| 30:54 | Scroll of Town Portal |
| Select group | 1746 |
| Right click | 1275 |
| Select | 439 |
| Build/train/purchase | 128 |
| Use ability | 115 |
| Assign group | 46 |
| Minimap ping | 13 |
| Misc. action | 2 |
| Item give/drop | 2 |
| Remove unit | 1 |

| Acolyte | 12 | 900 | / | 0 |
| Ghoul | 4 | 480 | / | 0 |
| Crypt Fiend | 36 | 7740 | / | 1440 |
| Abomination | 3 | 720 | / | 210 |
| total: | 55 | 9840g | / | 1650w |
| Nerubian Tower | 2 | 200 | / | 40 |
| Graveyard | 1 | 215 | / | 0 |
| Crypt | 1 | 200 | / | 50 |
| Altar of Darkness | 1 | 180 | / | 50 |
| Ziggurat | 10 | 1500 | / | 500 |
| Tomb of Relics | 1 | 130 | / | 30 |
| Necropolis | 2 | 450 | / | 0 |
| Sacrificial Pit | 1 | 75 | / | 150 |
| Slaughterhouse | 1 | 140 | / | 135 |
| Halls of the Dead | 1 | 320 | / | 210 |
| Black Citadel | 1 | 325 | / | 230 |
| total: | 18 | 2890g | / | 915w |
| 0:10 | Graveyard |
| 0:15 | Crypt |
| 0:27 | Acolyte |
| 0:27 | Acolyte |
| 0:59 | Altar of Darkness |
| 1:09 | Ziggurat |
| 1:21 | Ghoul |
| 2:11 | Crypt Fiend |
| 2:12 | Crypt Fiend |
| 2:26 | Crypt Fiend |
| 2:56 | Crypt Fiend |
| 3:03 | Creature Attack |
| 3:29 | Ziggurat |
| 3:35 | Death Coil |
| 4:03 | Ziggurat |
| 4:04 | Nerubian Tower |
| 4:07 | Crypt Fiend |
| 4:38 | Halls of the Dead |
| 4:59 | Death Pact |
| 5:36 | Crypt Fiend |
| 5:38 | Crypt Fiend |
| 5:46 | Tomb of Relics |
| 6:08 | Ziggurat |
| 6:11 | Ziggurat |
| 7:05 | Death Coil |
| 7:25 | Crypt Fiend |
| 7:25 | Crypt Fiend |
| 7:25 | Crypt Fiend |
| 7:26 | Crypt Fiend |
| 8:00 | Acolyte |
| 8:17 | Web |
| 8:43 | Necropolis |
| 9:02 | Crypt Fiend |
| 9:04 | Ghoul |
| 9:04 | Ghoul |
| 9:04 | Ghoul |
| 9:45 | Improved Creature Attack |
| 9:47 | Creature Carapace |
| 9:59 | Crypt Fiend |
| 9:59 | Crypt Fiend |
| 11:23 | Ziggurat |
| 11:50 | Crypt Fiend |
| 11:50 | Crypt Fiend |
| 12:30 | Crypt Fiend |
| 12:30 | Crypt Fiend |
| 12:38 | Acolyte |
| 12:39 | Acolyte |
| 12:39 | Acolyte |
| 13:00 | Nerubian Tower |
| 13:17 | Crypt Fiend |
| 13:17 | Crypt Fiend |
| 13:50 | Crypt Fiend |
| 13:51 | Crypt Fiend |
| 13:54 | Improved Creature Carapace |
| 13:58 | Acolyte |
| 14:36 | Crypt Fiend |
| 14:36 | Crypt Fiend |
| 14:46 | Black Citadel |
| 14:55 | Acolyte |
| 15:05 | Crypt Fiend |
| 15:05 | Crypt Fiend |
| 16:31 | Crypt Fiend |
| 16:31 | Crypt Fiend |
| 16:31 | Crypt Fiend |
| 16:35 | Necropolis |
| 16:57 | Crypt Fiend |
| 17:52 | Sacrificial Pit |
| 17:54 | Slaughterhouse |
| 18:40 | Ziggurat |
| 19:09 | Ziggurat |
| 19:12 | Ziggurat |
| 19:27 | Ziggurat |
| 19:30 | Crypt Fiend |
| 19:30 | Crypt Fiend |
| 19:30 | Crypt Fiend |
| 19:30 | Crypt Fiend |
| 19:30 | Crypt Fiend |
| 19:32 | Crypt Fiend |
| 19:36 | Abomination |
| 19:36 | Abomination |
| 19:36 | Abomination |
| 19:48 | Advanced Creature Attack |
| 19:55 | Acolyte |
| 19:55 | Acolyte |
| 19:56 | Acolyte |
| 19:56 | Acolyte |
| Right click | 888 |
| Select | 179 |
| Build/train/purchase | 72 |
| Misc. action | 24 |
| Use ability | 13 |
| Remove unit | 7 |
| Resource trade | 5 |
| Esc | 1 |


| Peon | 6 | 450 | / | 0 |
| Grunt | 21 | 4200 | / | 0 |
| Troll Headhunter | 5 | 700 | / | 100 |
| Shaman | 27 | 3510 | / | 540 |
| Troll Berserker | 24 | 3360 | / | 480 |
| total: | 83 | 12220g | / | 1120w |
| Altar of Storms | 1 | 180 | / | 50 |
| Orc Burrow | 5 | 800 | / | 200 |
| Barracks | 1 | 180 | / | 50 |
| War Mill | 1 | 205 | / | 0 |
| Great Hall | 1 | 385 | / | 185 |
| Spirit Lodge | 1 | 150 | / | 150 |
| Stronghold | 1 | 315 | / | 190 |
| Fortress | 1 | 325 | / | 190 |
| total: | 10 | 1900g | / | 635w |
| 0:06 | Altar of Storms |
| 0:07 | Peon |
| 0:07 | Peon |
| 0:12 | Orc Burrow |
| 0:46 | Peon |
| 0:47 | Peon |
| 0:51 | Barracks |
| 1:29 | Peon |
| 1:57 | Grunt |
| 1:58 | Grunt |
| 2:02 | Peon |
| 2:06 | Orc Burrow |
| 2:31 | Drunken Brawler |
| 3:02 | Grunt |
| 3:05 | Stronghold |
| 3:28 | War Mill |
| 3:40 | Grunt |
| 3:46 | Orc Burrow |
| 4:14 | Drunken Haze |
| 4:27 | Grunt |
| 4:28 | Grunt |
| 4:59 | Grunt |
| 5:01 | Steel Armor |
| 5:38 | Berserker Strength |
| 6:28 | Thorium Armor |
| 6:30 | Grunt |
| 6:30 | Grunt |
| 7:32 | Troll Regeneration |
| 7:33 | Troll Headhunter |
| 7:33 | Troll Headhunter |
| 7:34 | Troll Headhunter |
| 7:59 | Breath of Fire |
| 8:08 | Troll Headhunter |
| 8:10 | Steel Ranged Weapons |
| 8:26 | Troll Headhunter |
| 8:30 | Spirit Lodge |
| 9:50 | Grunt |
| 9:51 | Grunt |
| 9:52 | Grunt |
| 10:30 | Grunt |
| 10:33 | Shaman Adept Training |
| 10:36 | Fortress |
| 10:44 | Steel Melee Weapons |
| 11:21 | Shaman |
| 11:21 | Shaman |
| 11:25 | Grunt |
| 12:19 | Orc Burrow |
| 12:35 | Thorium Ranged Weapons |
| 12:37 | Thorium Melee Weapons |
| 12:57 | Shaman Master Training |
| 12:58 | Shaman |
| 12:58 | Shaman |
| 13:12 | Berserker Upgrade |
| 13:15 | Serpent Ward |
| 13:50 | Grunt |
| 13:53 | Shaman |
| 14:28 | Healing Wave |
| 14:33 | Shaman |
| 14:33 | Shaman |
| 14:35 | Troll Berserker |
| 14:35 | Troll Berserker |
| 14:35 | Troll Berserker |
| 16:13 | Grunt |
| 16:13 | Grunt |
| 16:13 | Grunt |
| 16:14 | Shaman |
| 16:14 | Shaman |
| 17:56 | Grunt |
| 17:56 | Grunt |
| 17:56 | Grunt |
| 17:57 | Shaman |
| 17:57 | Shaman |
| 17:57 | Shaman |
| 18:18 | Arcanite Armor |
| 19:08 | Orc Burrow |
| 19:17 | Great Hall |
| 20:37 | Troll Berserker |
| 20:37 | Troll Berserker |
| 20:38 | Troll Berserker |
| 20:38 | Troll Berserker |
| 20:39 | Shaman |
| 20:39 | Shaman |
| 20:39 | Shaman |
| 21:36 | Shaman |
| 21:43 | Troll Berserker |
| 21:43 | Troll Berserker |
| 21:43 | Troll Berserker |
| 21:55 | Arcanite Ranged Weapons |
| 22:26 | Troll Berserker |
| 22:27 | Troll Berserker |
| 22:31 | Shaman |
| 22:31 | Shaman |
| 23:18 | Shaman |
| 23:21 | Troll Berserker |
| 23:21 | Troll Berserker |
| 24:22 | Shaman |
| 24:22 | Shaman |
| 24:24 | Troll Berserker |
| 24:24 | Troll Berserker |
| 27:10 | Drunken Brawler |
| 27:23 | Healing Wave |
| 27:56 | Troll Berserker |
| 27:56 | Troll Berserker |
| 27:56 | Troll Berserker |
| 27:58 | Shaman |
| 27:58 | Shaman |
| 27:58 | Shaman |
| 29:34 | Troll Berserker |
| 29:34 | Troll Berserker |
| 30:53 | Troll Berserker |
| 30:53 | Troll Berserker |
| 30:54 | Shaman |
| 30:55 | Shaman |
| 31:00 | Troll Berserker |
| 31:03 | Shaman |
| Right click | 1620 |
| Select | 345 |
| Build/train/purchase | 110 |
| Chat | 55 |
| Select group | 53 |
| Use ability | 48 |
| Remove unit | 7 |
| Assign group | 4 |
| Misc. action | 3 |
| Minimap ping | 1 |

| Healing Salve | 1 | 100 |
| Scroll of Speed | 1 | 50 |
| Scroll of Town Portal | 1 | 350 |
| total: | 3 | 500g |
| Peon | 8 | 600 | / | 0 |
| Grunt | 16 | 3200 | / | 0 |
| Troll Headhunter | 10 | 1400 | / | 200 |
| Wind Rider | 2 | 530 | / | 80 |
| Raider | 18 | 3240 | / | 720 |
| Frost Wyrm | 6 | 2310 | / | 720 |
| Acolyte | 1 | 75 | / | 0 |
| total: | 61 | 11355g | / | 1720w |
| Watch Tower | 14 | 1540 | / | 1120 |
| Altar of Storms | 1 | 180 | / | 50 |
| Orc Burrow | 7 | 1120 | / | 280 |
| Barracks | 1 | 180 | / | 50 |
| War Mill | 1 | 205 | / | 0 |
| Voodoo Lounge | 1 | 130 | / | 30 |
| Great Hall | 1 | 385 | / | 185 |
| Beastiary | 2 | 290 | / | 280 |
| Stronghold | 1 | 315 | / | 190 |
| Fortress | 1 | 325 | / | 190 |
| Nerubian Tower | 1 | 100 | / | 20 |
| Spirit Tower | 2 | 290 | / | 80 |
| Ziggurat | 3 | 450 | / | 150 |
| Boneyard | 2 | 350 | / | 400 |
| total: | 33 | 4830g | / | 2545w |
| 0:13 | Peon |
| 0:13 | Peon |
| 0:22 | Altar of Storms |
| 0:27 | Orc Burrow |
| 0:43 | Barracks |
| 1:03 | Peon |
| 1:49 | Orc Burrow |
| 1:52 | Grunt |
| 2:08 | War Mill |
| 2:14 | Peon |
| 2:28 | Feral Spirit |
| 2:35 | Grunt |
| 3:13 | Grunt |
| 3:28 | Voodoo Lounge |
| 3:44 | Grunt |
| 3:48 | Peon |
| 3:50 | Peon |
| 4:22 | Chain Lighting |
| 4:45 | Orc Burrow |
| 4:51 | Healing Salve |
| 4:53 | Scroll of Speed |
| 5:04 | Stronghold |
| 5:06 | Troll Headhunter |
| 5:07 | Troll Headhunter |
| 5:12 | Spiked Barricades |
| 5:45 | Steel Ranged Weapons |
| 5:50 | Orc Burrow |
| 6:45 | Feral Spirit |
| 7:08 | Troll Headhunter |
| 7:08 | Troll Headhunter |
| 7:14 | Orc Burrow |
| 8:01 | Beastiary |
| 8:04 | Troll Regeneration |
| 8:13 | Beastiary |
| 9:23 | Wind Rider |
| 9:23 | Wind Rider |
| 9:32 | Raider |
| 9:32 | Raider |
| 9:35 | Raider |
| 9:36 | Ensnare |
| 9:38 | Troll Headhunter |
| 9:39 | Troll Headhunter |
| 9:43 | Pillage |
| 10:21 | Raider |
| 10:23 | Troll Headhunter |
| 10:27 | Steel Armor |
| 10:37 | Raider |
| 10:43 | Troll Headhunter |
| 10:51 | Raider |
| 11:05 | Raider |
| 11:23 | Raider |
| 11:26 | Troll Headhunter |
| 11:37 | Orc Burrow |
| 12:26 | Chain Lighting |
| 12:31 | Raider |
| 12:36 | Steel Melee Weapons |
| 12:39 | Troll Headhunter |
| 13:53 | Raider |
| 14:02 | Fortress |
| 14:41 | Orc Burrow |
| 16:39 | Raider |
| 17:19 | Great Hall |
| 17:26 | Watch Tower |
| 17:33 | Watch Tower |
| 17:46 | Raider |
| 17:52 | Peon |
| 17:52 | Peon |
| 18:38 | Watch Tower |
| 19:01 | Watch Tower |
| 20:56 | Boneyard |
| 21:02 | Watch Tower |
| 21:08 | Watch Tower |
| 21:13 | Watch Tower |
| 21:19 | Raider |
| 21:21 | Raider |
| 21:29 | Boneyard |
| 21:51 | Grunt |
| 21:51 | Grunt |
| 21:51 | Grunt |
| 21:51 | Grunt |
| 21:51 | Grunt |
| 22:15 | Watch Tower |
| 22:33 | Ziggurat |
| 22:34 | Nerubian Tower |
| 22:35 | Spirit Tower |
| 22:37 | Spirit Tower |
| 22:40 | Ziggurat |
| 22:49 | Watch Tower |
| 23:00 | Freezing Breath |
| 23:02 | Frost Wyrm |
| 23:02 | Frost Wyrm |
| 23:02 | Frost Wyrm |
| 23:10 | Acolyte |
| 23:20 | Ziggurat |
| 23:35 | Watch Tower |
| 23:54 | Frost Wyrm |
| 24:28 | Watch Tower |
| 24:37 | Grunt |
| 24:37 | Grunt |
| 24:38 | Grunt |
| 24:51 | Scroll of Town Portal |
| 27:51 | Frost Wyrm |
| 27:52 | Frost Wyrm |
| 28:01 | Chain Lighting |
| 28:07 | Watch Tower |
| 28:11 | Grunt |
| 28:11 | Grunt |
| 28:11 | Grunt |
| 28:12 | Grunt |
| 28:14 | Thorium Armor |
| 28:16 | Raider |
| 28:17 | Raider |
| 28:18 | Raider |
| 28:54 | Watch Tower |
| 29:15 | Raider |
| 31:04 | Burning Oil |
| 31:34 | Watch Tower |
| Right click | 779 |
| Select | 320 |
| Build/train/purchase | 99 |
| Use ability | 25 |
| Remove unit | 4 |
⇛